 Dungeon Crawl Stone Soup version 0.12.3 (console) character file.

7387 Lightli the Practitioner (level 11, -1/68 HPs)
             Began as a Halfling Priest on Aug 24, 2022.
             Was a Believer of Elyvilon.
             Slain by an orc warrior
             ... wielding a cursed +2,+1 great sword
              (27 damage)
             ... on Level 10 of the Dungeon.
             The game lasted 00:38:30 (15239 turns).

Lightli the Practitioner (Halfling Priest)         Turns: 15239, Time: 00:38:30

HP  -1/68        AC  4     Str  9      XL: 11   Next: 26%
MP  36/36        EV 20     Int 12      God: Elyvilon [**....]
Gold 546         SH  0     Dex 20      Spells:  0 memorised, 10 levels left

Res.Fire  : + . .   See Invis. : .   n - +2 morningstar (crush)
Res.Cold  : . . .   Warding    : .   m - +0 robe {rN+} (curse)
Life Prot.: + . .   Conserve   : +   (no shield)
Res.Poison: .       Res.Corr.  : +   (no helmet)
Res.Elec. : .       Clarity    : .   l - +1 cloak {rCorr, Cons}
Sust.Abil.: . .     Spirit.Shd : .   (no gloves)
Res.Mut.  : .       Stasis     : .   (no boots)
Res.Rott. : .       Ctrl.Telep.: .   g - amulet of rage
Saprovore : . . .   Flight     : .   h - ring of protection from fire
                                     e - ring of magical power

@: somewhat resistant to hostile enchantments, fairly stealthy
A: mutation resistance 1, slow metabolism 1
a: Lesser Healing, Lesser Self-Healing, Divine Protection, Purification,
Renounce Religion, Evoke Berserk Rage


You were on level 10 of the Dungeon.
You worshipped Elyvilon.
Elyvilon was greatly pleased with you.
You were not hungry.

You visited 1 branch of the dungeon, and saw 10 of its levels.
You also visited: Sewer.

You collected 542 gold pieces.
You donated 16 gold pieces.

Inventory:

Hand weapons
 a - a +2,+2 orcish trident of freezing
 b - a +0 blowgun
 n - a +2,+2 morningstar of crushing (weapon)
 G - a +2,+0 flail of protection
Missiles
 q - a curare-tipped needle
Armour
 l - a +1 cloak of preservation (worn)
 m - a cursed +0 robe of positive energy (worn)
 I - a +2 cloak of darkness
Magical devices
 z - a wand of frost (0)
 E - a wand of confusion (0)
 H - a wand of disintegration (0)
Comestibles
 c - a bread ration
 r - 2 meat rations
Scrolls
 f - 3 scrolls of remove curse
 o - a scroll of enchant weapon II
 F - a scroll of noise
Jewellery
 e - a ring of magical power (left hand)
 g - an amulet of rage (around neck)
 h - a ring of protection from fire (right hand)
Potions
 d - 2 potions of agility
 i - 4 potions of flight
 j - 3 potions of speed
 k - a potion of curing
 s - a potion of magic
 u - a potion of mutation
 v - 2 potions of restore abilities {unknown}
 w - a potion of confusion {unknown}
 x - 2 potions of brilliance {unknown}
 A - a potion of might
 B - 2 potions of cure mutation {unknown}
Books
 p - a book of War Chants

   Spells                             Type                      Level
   Fire Brand                         Charms/Fire                  2
   Freezing Aura                      Charms/Ice                   2
   Shroud of Golubria                 Charms/Translocation         2
   Repel Missiles                     Charms/Air                   2
   Poison Weapon                      Charms/Poison                3
   Regeneration                       Charms/Necromancy            3
 y - a book of Clouds

   Spells                             Type                      Level
   Mephitic Cloud                     Conjuration/Poison/Air       3
   Conjure Flame                      Conjuration/Fire             3
   Poisonous Cloud                    Conjuration/Poison/Air       6
   Freezing Cloud                     Conjuration/Ice/Air          6
   Ring of Flames                     Charms/Fire                  7


   Skills:
 - Level 4.0 Fighting
 - Level 8.6 Maces & Flails
   Level 2.4 Staves
 - Level 6.1 Dodging
 + Level 13.1 Invocations


You had 10 spell levels left.
You didn't know any spells.

Dungeon Overview and Level Annotations

Branches:
Dungeon (10/27)            Temple (0/1) D:6            Lair (0/8) D:9
    Orc: D:6-11

Altars:
Ashenzari
Elyvilon
Nemelex Xobeh
Sif Muna
Zin
the Shining One

Shops:
D:9: =


Innate Abilities, Weirdness & Mutations

You are small and have problems with some larger weapons.
You are somewhat resistant to further mutation.
You have a slow metabolism.


Message History

You are too injured to fight recklessly!
Unknown command.
Drink which item? (? for menu, Esc to quit)
You feel better. The orc warrior closely misses you.
The jelly jiggles.
Use which ability? (? or * to list)
You fail to use your ability.
The orc warrior closely misses you.
Use which ability? (? or * to list)
You fail to use your ability.
Use which ability? (? or * to list)
You fail to use your ability.
The orc warrior misses you.
Use which ability? (? or * to list)
You fail to use your ability.
The orc warrior barely misses you.
Unknown command.
Use which ability? (? or * to list)
You fail to use your ability.
The orc warrior closely misses you.
Use which ability? (? or * to list)
You fail to use your ability.
The orc warrior hits you with a great sword!
You die...

###
#..
#.#
#.#
#o#
#J#
#o#
#@#
###


You could see an orc warrior, a jelly and an orc.

Vanquished Creatures
  2 hill giant skeletons
  Prince Ribbit (D:5)
  A hungry ghost (D:8)
  A necrophage (D:5)
  A komodo dragon zombie (D:9)
  Edmund (D:7)
  Menkaure (D:7)
  A manticore zombie (D:9)
  A cyclops skeleton (D:9)
  6 orc warriors
  2 phantoms
  An ice beast (D:7)
  A yak skeleton (D:9)
  5 ogres
  A yak zombie (D:5)
  A hippogriff skeleton (D:7)
  7 centaurs
  4 big kobolds
  A centaur zombie (D:9)
  2 wolves (D:9)
  3 giant frogs
  A water moccasin (D:9)
  A yak simulacrum (D:9)
  9 wights
  A giant frog simulacrum (D:9)
  A crimson imp (D:9)
  An eye of draining (D:9)
  8 orc priests
  An ogre zombie (D:5)
  2 goliath beetles
  A scorpion (D:6)
  Crazy Yiuf (D:6)
  4 hounds
  5 worker ants
  14 orc wizards
  2 iguanas
  Ijyb (D:7)
  3 jellies
  A goliath beetle zombie (D:6)
  6 gnolls
  2 giant mites
  7 adders
  An inept feature mimic (D:7)
  A green rat (Sewer)
  An inept item mimic (D:6)
  5 worms
  2 grey rats (Sewer)
  A bat skeleton (D:4)
  5 oozes
  42 orcs
  9 giant cockroaches
  21 hobgoblins
  2 quokkas
  6 ball pythons
  20 bats
  10 giant geckos
  2 giant gecko skeletons (D:4)
  3 giant newts
  5 giant spores (D:9)
  9 goblins
  A hobgoblin zombie (D:6)
  7 jackals
  19 kobolds
  A kobold skeleton (D:4)
  An orc simulacrum (D:9)
  An orc zombie (D:7)
  A quokka skeleton (D:5)
  15 rats
  99 ballistomycetes (D:9)
406 creatures vanquished.

Vanquished Creatures (others)
  A wolf (D:9)
  A hippogriff simulacrum (D:9)
  A killer bee (D:9)
  A hound (D:9)
  A crimson imp (D:9)
  2 gnolls (D:7)
  A white imp (D:9)
  An ufetubus (D:9)
  An orc (D:6)
  A bat (D:5)
  A hobgoblin (D:9)
  A quokka (D:6)
  26 giant spores (D:9)
  A kobold (D:9)
  4 ballistomycetes (D:9)
44 creatures vanquished.

Grand Total: 450 creatures vanquished

Notes
Turn   | Place    | Note
--------------------------------------------------------------
     0 | D:1      | Lightli, the Halfling Priest, began the quest for the Orb.
     0 | D:1      | Reached XP level 1. HP: 14/14 MP: 2/2
   103 | D:1      | Reached XP level 2. HP: 13/19 MP: 4/4
   287 | D:1      | Acquired Zin's second power
   368 | D:1      | Reached XP level 3. HP: 13/24 MP: 6/6
   707 | D:1      | Found a sparkling altar of Nemelex Xobeh.
  1042 | D:2      | Reached XP level 4. HP: 27/29 MP: 8/8
  1392 | D:2      | Acquired Zin's third power
  1439 | D:2      | Reached skill level 5 in Dodging
  1693 | D:2      | Reached XP level 5. HP: 21/35 MP: 10/10
  1974 | D:3      | Reached skill level 6 in Dodging
  2000 | D:3      | Found a glowing golden altar of the Shining One.
  2001 | D:3      | Found a white marble altar of Elyvilon.
  2070 | D:3      | Reached XP level 6. HP: 12/40 MP: 12/12
  2326 | D:3      | Found a glowing silver altar of Zin.
  2751 | D:3      | Fell from the grace of Zin
  2751 | D:3      | Became a worshipper of Elyvilon the Healer
  2751 | D:3      | Acquired Elyvilon's first power
  3263 | D:4      | Noticed an ogre
  3492 | D:4      | Killed an ogre
  3492 | D:4      | Reached XP level 7. HP: 34/45 MP: 15/15
  3542 | D:4      | Noticed an ogre
  3553 | D:4      | Killed an ogre
  3553 | D:4      | Reached skill level 7 in Invocations
  4006 | D:4      | Reached skill level 8 in Invocations
  4006 | D:4      | Reached XP level 8. HP: 18/51 MP: 18/18
  4232 | D:4      | Found a deep blue altar of Sif Muna.
  4379 | D:5      | Entered Level 5 of the Dungeon
  4814 | D:5      | Reached skill level 9 in Invocations
  4856 | D:5      | Noticed Prince Ribbit
  4979 | D:5      | Killed Prince Ribbit
  5320 | D:5      | Reached skill level 10 in Invocations
  5320 | D:5      | Reached XP level 9. HP: 20/54 MP: 22/22
  5935 | D:5      | Found a glowing golden altar of the Shining One.
  6220 | D:6      | Noticed Crazy Yiuf
  6225 | D:6      | Killed Crazy Yiuf
  6303 | D:6      | Found a white marble altar of Elyvilon.
  7438 | D:6      | Found a staircase to the Ecumenical Temple.
  7457 | D:6      | Reached skill level 1 in Maces & Flails
  7669 | D:6      | Elyvilon protects you from harm!
  7859 | D:6      | Found a glowing drain.
  7863 | Sewer    | Entered a sewer
  9050 | D:7      | Noticed Ijyb
  9060 | D:7      | Killed Ijyb
  9354 | D:7      | Reached skill level 5 in Maces & Flails
  9354 | D:7      | Reached XP level 10. HP: 51/61 MP: 23/23
  9521 | D:7      | Noticed Edmund
  9534 | D:7      | Killed Edmund
  9935 | D:7      | Noticed Menkaure
  9957 | D:7      | Killed Menkaure
 10569 | D:8      | Acquired Elyvilon's second power
 11260 | D:9      | Found Jittih's Jewellery Emporium.
 11428 | D:9      | Noticed a six-headed hydra
 11462 | D:9      | Found a shattered altar of Ashenzari.
 11944 | D:9      | Found a staircase to the Lair.
 12478 | D:9      | Identified a +1 cloak of preservation (You found it on level 9 of the Dungeon)
 12504 | D:9      | Pacified a six-headed hydra
 12504 | D:9      | Reached skill level 11 in Invocations
 12541 | D:9      | Reached XP level 11. HP: 36/67 MP: 25/25
 13218 | D:9      | Reached skill level 12 in Invocations
 13264 | D:9      | rip shargna
 13317 | D:9      | Acquired Elyvilon's third power
 14959 | D:9      | Reached skill level 13 in Invocations
 14978 | D:10     | Entered Level 10 of the Dungeon
 15239 | D:10     | Slain by an orc warrior

Action                   |  1- 3 |  4- 6 |  7- 9 | 10-12 || total
-------------------------+-------+-------+-------+-------++-------
Melee: Quarterstaff      |   100 |   124 |       |       ||   224
       Trident           |       |   112 |   507 |   181 ||   800
       Flail             |       |       |       |   582 ||   582
       Morningstar       |       |       |       |   224 ||   224
 Fire: Blowgun           |       |       |    21 |     8 ||    29
Invok: Lesser Healing    |       |       |    14 |    30 ||    44
       Lesser Self-Heali |       |       |     7 |    11 ||    18
       Purification      |       |       |       |     1 ||     1
       Greater Self-Heal |       |       |       |     1 ||     1
       Greater Healing   |       |       |       |     1 ||     1
 Abil: Evoke Berserk Rag |       |     1 |     7 |     7 ||    15
Evoke: Wand              |       |       |    10 |    18 ||    28
  Use: Scroll            |       |     9 |     8 |    11 ||    28
       Potion            |       |     2 |     3 |    10 ||    15
 Stab: Sleeping          |     1 |     4 |     7 |       ||    12
       Distracted        |       |     1 |       |       ||     1
       Held in net/web   |       |     1 |       |       ||     1
